 Dungeon Crawl Stone Soup version 0.30-a0-802-gb92711bcdf (webtiles) character file.

Game seed: 5222896940296969916

54 bande the Shield-Bearer (level 3, -1/24 HPs)
             Began as a Gargoyle Fighter on Feb 24, 2023.
             Killed by divine providence
             ... invoked by an orc priest
              (11 damage)
             ... on level 3 of the Dungeon.
             The game lasted 00:01:46 (1478 turns).

bande the Shield-Bearer (Gargoyle Fighter)          Turns: 1478, Time: 00:01:46

Health: -1/24      AC: 12    Str: 19    XL:     3   Next: 91%
Magic:  3/3        EV:  4    Int:  8    God:
Gold:   95         SH:  4    Dex: 11    Spells: 2/2 levels left

rFire   . . .      SeeInvis .    a - +0 war axe
rCold   . . .      Faith    .    c - +0 buckler
rNeg    + . .      Spirit   .    e - +0 chain mail
rPois   ∞          Reflect  .    (no helmet)
rElec   +          Harm     .    (no cloak)
rCorr   .          Rampage  .    (no gloves)
Will    .....                    (no boots) Stlth
                                 (no amulet)
HPRegen 0.24/turn                g - ring of flight
MPRegen 0.08/turn                (no ring)

@: flying, constricted
A: sickness immunity, AC +3, negative energy resistance 1, electricity
resistance, torment resistance 1, petrification resistance
a: no special abilities


You were on level 3 of the Dungeon.
You visited 1 branch of the dungeon, and saw 3 of its levels.

You collected 95 gold pieces.

Inventory:

Hand Weapons
 a - a +0 war axe (weapon)
Missiles
 n - 5 boomerangs of dispersal (quivered)
Armour
 c - a +0 buckler (worn)
 e - a +0 chain mail (worn)
Jewellery
 g - a ring of flight (left hand)
 j - a +6 ring of intelligence
Scrolls
 b - 3 scrolls of identify {unknown}
 h - a scroll of magic mapping {unknown}
 i - a scroll of immolation {unknown}
 k - a scroll of acquirement {unknown}
Potions
 d - a potion of might
 f - a potion of heal wounds {unknown}
 l - 2 potions of flight {unknown}
 m - a potion of curing {unknown}


   Skills:
 + Level 3.8 Fighting
 + Level 2.4 Axes
 + Level 3.7 Armour
 + Level 3.9 Shields


You had 2 spell levels left.
You didn't know any spells.
Your spell library was empty.

Dungeon Overview and Level Annotations

Branches:
Dungeon (3/15)

Altars:

Shops:
D:1 :   D:2 (


Innate Abilities, Weirdness & Mutations

You are immune to sickness and miasma.
Your stone body is resilient. (AC +3)
You are immune to poison.
You resist negative energy. (rN+)
You are resistant to electric shocks. (rElec)
You are resistant to unholy torment.
You are immune to petrification.


Message History

An orc comes into view. It is wielding a +0 dagger.
A ball python comes into view.
You hear a shout!
The ball python hisses angrily.
There is an open door here.
An orc comes into view. It is wielding a +0 flail.
The orc priest closely misses you.
You closely miss the orc priest. You barely miss the orc.
The orc priest completely misses you. You block the orc's attack.
The orc hits you but does no damage.
The orc priest hits you with a +0 flail.
An orc comes into view. It is wielding a +0 flail.
The orc shouts!
You hit the orc priest.
The orc priest is moderately wounded.
You hit the orc. You barely miss the orc.
The orc priest calls down the wrath of Beogh upon you.
Pain shoots through your body! You block the orc's attack.
The orc hits you but does no damage.
You are too injured to fight recklessly!
You are too injured to fight recklessly!
You are too injured to fight recklessly!
You are too injured to fight recklessly!
You are too injured to fight recklessly!
You are too injured to fight recklessly!
You are too injured to fight recklessly!
You are too injured to fight recklessly!
You are too injured to fight recklessly!
You hit the orc priest but do no damage.
The orc priest is moderately wounded.
You barely miss the orc. You slash the orc!
You kill the orc!
The orc priest miscasts a cantrip.
The orc hits you but does no damage. The ball python barely misses you.
The ball python grabs you. The ball python constricts you.
You hit the orc priest.
The orc priest is heavily wounded.
You barely miss the orc. You closely miss the ball python.
The orc priest calls down the wrath of Beogh upon you.
Beogh smites you!
You die...

#...## ##### #######
##.### #...# #......
#..# #.>.# ≈≈.....
####.## #...# #≈.....
#.....######...# #≈.....
#.....##........ #≈.....
#.....##.>......
#≈....o##.....##........
#≈....o@'.....######...#
≈≈...oS##....)#### #...#
....... ######.).###.>.#
≈≈....o ###..##...#
#≈..... #########
#≈..... # #≈..... .
#≈.....


You could see an orc priest, 3 orcs and a ball python.

Vanquished Creatures
  An adder (D:2)
  A worm (D:2)
  An orc (D:3)
  A ball python (D:1)
  6 bats
  7 endoplasms
  3 giant cockroaches
  A goblin (D:2)
  3 hobgoblins
  3 quokkas
  2 frilled lizards (D:2)
  3 kobolds
  2 rats
34 creatures vanquished.

Notes
Turn   | Place    | Note
-------+----------+-------------------------------------------
     0 | D:1      | bande the Gargoyle Fighter began the quest for the Orb.
     0 | D:1      | Reached XP level 1. HP: 14/14 MP: 1/1
   233 | D:1      | Reached XP level 2. HP: 16/19 MP: 2/2
   351 | D:1      | Found Aterec's Book Shoppe.
   706 | D:2      | Reached XP level 3. HP: 24/24 MP: 3/3
   769 | D:2      | Found Korar's Weapon Shoppe.
   904 | D:2      | Found a faded altar of an unknown god.
  1478 | D:3      | Killed from afar by an orc priest

Illustrated notes

Levels and vault maps discovered:
D:1:      minmay_arrival_jagged, layout_rooms, serial_shops, shop,
          hangedman_decor_lopped, dreamdust_princess_bridge, nicolae_titane
D:2:      layout_basic, dreamdust_ecumenical_altar_hidden_monk_grotto,
          serial_shops, nicolae_lakefront_shop, kennysheep_path_1,
          minmay_unequal
D:3:      minmay_inner_zag, layout_basic, general_overflow_altar,
          nicolae_overflow_two_pavilions, nicolae_elevator_lobby_plus

Skill      XL: |  1  2 |
---------------+-------+-----
Axes           | 2 |  2.4
Fighting       | |  3.8
Armour         | |  3.7
Shields        | |  3.9

Action                     || total
---------------------------++-------
  Melee: War axe           ||    97
 Armour: Scale mail        ||    20
         Chain mail        ||    37
  Dodge: Dodged            ||    47
  Block: Buckler           ||    32

Table legend: (Time is in decaauts)
 A = Elapsed time spent in this place.
 B = Non-inter-level travel time spent in this place.
 C = Inter-level travel time spent in this place.
 D = Time resting spent in this place.
 E = Time spent auto-exploring this place.
 F = Levels seen in this place.
 G = Mean time per level.
                   A        B        C        D        E       F      G
               +--------+--------+--------+--------+--------+-----+--------+
         Total |   1518 |   1453 |     65 |      0 |   1169 |   3 |  506.0 |
       Dungeon |   1518 |   1453 |     65 |      0 |   1169 |   3 |  506.0 |
               +--------+--------+--------+--------+--------+-----+--------+

Top non-repeatable levels by time:
     D:2: 785 daAuts
     D:1: 612 daAuts
     D:3: 121 daAuts
